 Dungeon Crawl Stone Soup version 0.22-a0-799-g88f5e90 (webtiles) character file.

1031 muxecoid the Sneak (level 8, -1/54 HPs)
             Began as a Formicid Earth Elementalist on July 21, 2018.
             Slain by a two-headed ogre
             ... wielding a +0 giant spiked club
              (8 damage)
             ... on level 8 of the Dungeon.
             The game lasted 00:25:25 (4549 turns).

muxecoid the Sneak (Formicid Earth Elementalist)    Turns: 4549, Time: 00:25:27

Health: -1/54      AC:  1    Str: 13    XL:     8   Next: 47%
Magic:  10/12      EV: 12    Int: 15    God:
Gold:   47         SH:  0    Dex: 13    Spells: 7/13 levels left

rFire    . . .     SeeInvis +   a - +0 dagger
rCold    . . .     Gourm    .   (no shield)
rNeg     . . .     Faith    .   (no armour)
rPois    .         Spirit   .   (helmet unavailable)
rElec    .         Reflect  .   s - +0 cloak
rCorr    .         Harm     .   (no gloves)
MR       .....                  (no boots)
Stlth    ++++......             (no amulet)
HPRegen  0.18/turn              (no ring)
MPRegen  0.13/turn              (no ring)

@: no status effects
A: permanent stasis, dig shafts and tunnels, four strong arms, antennae 3
a: Dig, Shaft Self


You were on level 8 of the Dungeon.
You were not hungry.

You visited 1 branch of the dungeon, and saw 10 of its levels.

You collected 47 gold pieces.

Inventory:

Hand Weapons
 a - a +0 dagger (weapon)
 b - a +0 falchion
 q - a cursed +0 great mace
 v - a +0 short sword
Missiles
 j - 56 stones (quivered)
Armour
 c - a +0 robe
 s - a +0 cloak (worn)
 u - a +0 shield
 y - the +0 robe of the Garden {rF+ rC- Regen+ Stlth+}
   (You found it on level 7 of the Dungeon)

   It protects you from fire.
   It makes you vulnerable to cold.
   It increases your rate of regeneration.
   It makes you more stealthy.
Magical Staves
 A - an uncursed staff of air {unknown}
Wands
 x - a wand of random effects (25)
 B - a wand of iceblast (7)
Scrolls
 f - 2 scrolls of noise {unknown}
 g - a scroll of magic mapping {unknown}
 k - 4 scrolls of identify {unknown}
 n - 3 scrolls of teleportation {unknown}
 o - a scroll of enchant armour {unknown}
 r - a scroll of immolation {unknown}
 t - 2 scrolls of remove curse {unknown}
Potions
 e - a potion of heal wounds {unknown}
 h - 3 potions of degeneration {unknown}
 i - 3 potions of curing
 l - a potion of haste {unknown}
 m - 2 potions of might {unknown}
 p - a potion of magic {unknown}
 w - 2 potions of agility {unknown}
Comestibles
 d - 4 rations
 z - 3 chunks of flesh


   Skills:
 - Level 1.0 Fighting
 * Level 5.6(5.8) Short Blades
 - Level 1.7(3.9) Long Blades
 + Level 0.4 Throwing
 - Level 2.1 Dodging
 - Level 7.5 Stealth
 - Level 3.0 Spellcasting
 - Level 1.3 Transmutations
 - Level 5.1 Earth Magic


You had 7 spell levels left.
You knew the following spells:

 Your Spells              Type           Power        Failure   Level  Hunger
a - Sandblast             Erth           ###...       2%          1    #......
b - Passwall              Tmut/Erth      ##......     8%          2    ##.....
c - Stone Arrow           Conj/Erth      ##....       21%         3    ###....

Your spell library contained the following spells:

 Spells                   Type           Power        Failure   Level  Hunger
 Lee's Rapid Deconstruct  Erth           ###.......   54%         5    ######.
 Petrify                  Tmut/Erth      ##......     45%         4    #####..


Dungeon Overview and Level Annotations

Branches:
Dungeon (10/15)            Temple (0/1) D:7
   Lair: D:8-11         Orc: D:9-12

Altars:
Dithmenos
Makhleb
Nemelex Xobeh
Uskayaw

Annotations:
D:3 Ijyb
D:4 2 transporters
D:8 Grum


Innate Abilities, Weirdness & Mutations

You cannot be hasted, slowed, berserked, paralysed or teleported.
You can dig through walls and to a lower floor.
Your four strong arms can wield two-handed weapons with a shield.
You have a pair of large antennae on your head. (SInv)


Message History

The two-headed ogre shouts in stereo!
The wolf howls!
Casting: Passwall (safe; 8% risk of failure)
Confirm with . or Enter, or press ? or * to list all spells.
Aiming: Passwall (safe; 8% risk of failure)
Press: ? - help, Dir - move target cursor A rock wall.
The howler monkey hoots and howls with incredible vigour!
You hear a shout!
You hear an angry buzzing noise. x2; You hear two shouts!
You hear a howl!
You begin to meditate on the wall.
You continue meditating on the rock.
The two-headed ogre hits you with a giant spiked club!
The two-headed ogre hits you with a giant club!!
You continue meditating on the rock.
The wolf bites you!
* * * LOW HITPOINT WARNING * * *
The wolf closely misses you.
You continue meditating on the rock.
The wolf bites you but does no damage. The two-headed ogre barely misses you.
The two-headed ogre hits you with a giant club!
You die...

h..........#######.#..####
..........##..............
......................#
..........##..........#
...).h....##..........#
..........##........#.#
..........##........#.#
........hO##........#.####
..)......@##....O...#.....
.....[....#######.#....###
########### #.#.##.###
#{#....... #.#..#.###
.O#..#.# {###########.#
#.........#.#
#.#.........###


You could see a two-headed ogre, a wolf and a howler monkey.

Vanquished Creatures
  An orc warrior (D:6)
  An ogre (D:7)
  A phantom (D:8)
  A centaur (D:6)
  A scorpion (D:4)
  3 crimson imps
  A centaur zombie (D:6)
  2 bullfrog skeletons
  3 orc priests
  2 hounds
  2 orc wizards
  A worker ant (D:7)
  A hound zombie (D:6)
  A howler monkey skeleton (D:7)
  4 gnolls (D:6)
  7 adders
  2 oozes
  A leopard gecko (D:7)
  15 orcs
  2 giant cockroaches
  3 goblins
  5 hobgoblins
  4 jackals (D:9)
  3 quokkas
  6 bats
  3 frilled lizards (D:1)
  7 kobolds
  6 rats
89 creatures vanquished.

Notes
Turn   | Place    | Note
-------+----------+-------------------------------------------
     0 | D:1      | muxecoid the Formicid Earth Elementalist began the quest for the Orb.
     0 | D:1      | Reached XP level 1. HP: 13/13 MP: 3/3
   266 | D:1      | Reached XP level 2. HP: 19/19 MP: 5/5
   282 | D:1      | Learned a level 2 spell: Passwall
   629 | D:1      | Reached XP level 3. HP: 23/24 MP: 4/6
   854 | D:2      | Reached skill level 1 in Short Blades
   864 | D:2      | Reached skill level 3 in Stealth
   864 | D:2      | Reached XP level 4. HP: 30/30 MP: 3/8
  1362 | D:3      | Noticed Ijyb
  1768 | D:4      | Reached skill level 4 in Stealth
  1768 | D:4      | Reached XP level 5. HP: 23/36 MP: 2/9
  1995 | D:4      | Found a transporter.
  2054 | D:4      | Found a shadowy altar of Dithmenos.
  2054 | D:4      | Found a burning altar of Makhleb.
  2054 | D:4      | Found a sparkling altar of Nemelex Xobeh.
  2100 | D:4      | Reached skill level 5 in Earth Magic
  2187 | D:4      | Reached XP level 6. HP: 35/42 MP: 2/10
  2263 | D:4      | Reached skill level 1 in Fighting
  2268 | D:4      | Found a transporter.
  2281 | D:4      | Noticed an ogre
  2284 | D:4      | You fall through a shaft for 2 floors!
  2289 | D:6      | Reached skill level 5 in Stealth
  2416 | D:6      | Reached skill level 6 in Stealth
  2715 | D:6      | Noticed a soldier ant
  2760 | D:7      | Reached XP level 7. HP: 48/48 MP: 6/11
  2773 | D:7      | Reached skill level 1 in Long Blades
  2773 | D:7      | Reached skill level 7 in Stealth
  2799 | D:7      | Found a staircase to the Ecumenical Temple.
  2963 | D:7      | You fall through a shaft for 2 floors!
  3261 | D:10     | Entered Level 10 of the Dungeon
  3290 | D:9      | Noticed a troll
  3323 | D:8      | Noticed a two-headed ogre
  3674 | D:7      | Noticed a hippogriff
  3677 | D:7      | You fall through a shaft!
  3724 | D:7      | Got a warped robe
  3735 | D:7      | Identified the +0 robe of the Garden {rF+ rC- Regen+ Stlth+} (You found it on level 7 of the Dungeon)
  3741 | D:7      | Noticed a hog
  3741 | D:7      | Noticed a human
  3741 | D:7      | Noticed a hog
  3741 | D:7      | Noticed a hog
  3741 | D:7      | Noticed a hog
  3744 | D:7      | You fall through a shaft!
  3879 | D:8      | Noticed a two-headed ogre
  3884 | D:8      | Noticed a two-headed ogre
  3888 | D:8      | Noticed Grum
  4132 | D:6      | Reached XP level 8. HP: 52/54 MP: 12/12
  4282 | D:6      | Learned a level 3 spell: Stone Arrow
  4427 | D:6      | Reached skill level 5 in Short Blades
  4488 | D:6      | Noticed a hand axe
  4489 | D:6      | Noticed an enchanted hand axe
  4491 | D:6      | Found a hide-covered altar of Uskayaw.
  4509 | D:5      | Entered Level 5 of the Dungeon
  4542 | D:5      | You fall through a shaft for 3 floors!
  4549 | D:8      | Slain by a two-headed ogre

Vault maps used:
D:1:      dpeg_arrival_orchard
D:2:      first_ration
D:3:      nicolae_overflow_hidden_temple, makhleb_blood_cavern_becter,
          uniq_sigmund, uniq_jessica, uniq_ijyb, uniq_natasha
D:4:      gammafunk_wand_slinger, gammafunk_temple_overflow_forgotten
D:5:      serial_shops, nicolae_shop_stone, nicolae_dithmenos_shadow_blocks
D:6:      dancing_weapons_uskayaw
D:7:      minmay_temple_entry_trees, enter_bailey_7, grunt_livestock,
          minmay_misc_feat_pillars, tgw_trog
D:8:      uniq_pikel, uniq_grum
D:9:      nicolae_overflow_crystal_walls
D:10:     serial_undead, serial_undead_c, serial_undead_b, serial_undead_f,
          serial_undead_d, hellmonk_ghost_happy_afterlife, hangedman_decor_push,
          minmay_misc_feat_ornament

Skill      XL: |  1  2  3  4  5  6  7  8 |
---------------+-------------------------+-----
Dodging        | 2 |  2.1
Earth Magic    | 4 5 |  5.1
Short Blades   | 1 3 5 |  5.6
Stealth        | 3 4 6 7 |  7.5
Spellcasting   | 3 |  3.0
Fighting       | 1 |  1.0
Long Blades    | 1 |  1.7
Throwing       | |  0.4
Transmutations | |  1.3

Action                   |  1- 3 |  4- 6 |  7- 9 || total
-------------------------+-------+-------+-------++-------
Melee: Short sword       |    23 |       |       ||    23
       Dagger            |     1 |    22 |    21 ||    44
       Falchion          |       |       |    83 ||    83
Throw: Stone             |       |       |     1 ||     1
       Throwing net      |       |       |     1 ||     1
 Cast: Sandblast         |    24 |    56 |    33 ||   113
       Passwall          |     2 |     3 |    11 ||    16
 Abil: Shaft Self        |       |     1 |     3 ||     4
       Dig               |       |       |     2 ||     2
  Use: Potion            |       |       |     2 ||     2
 Stab: Sleeping          |     5 |     8 |     7 ||    20
       Distracted        |       |       |     1 ||     1
       Held in net/web   |       |       |     2 ||     2
  Eat: Chunk             |       |     3 |     8 ||    11
       Ration            |       |     1 |       ||     1
Armor: Robe              |     8 |     6 |    45 ||    59
       Skin              |       |       |     1 ||     1
Dodge: Dodged            |    25 |    29 |    85 ||   139
       Rpst.: Falchion   |       |       |    24 ||    24

Table legend:
 A = Spawn XP
 B = Non-spawn XP
 C = Spawn XP percentage of total XP
 D = Spawn monster count
 E = Non-spawn monster count
 F = Spawn count percentage of total count
 G = Total turns spent on level
                    A         B        C        D         E        F      G
               +---------+---------+-------+---------+---------+-------+---------
         Total |       0 |    1474 |   0.0 |       0 |      89 |   0.0 |  4549
               +---------+---------+-------+---------+---------+-------+---------
           D:1 |       0 |      29 |   0.0 |       0 |      20 |   0.0 |   761
           D:2 |       0 |      73 |   0.0 |       0 |      15 |   0.0 |   803
           D:3 |       0 |       1 |   0.0 |       0 |       1 |   0.0 |    52
           D:4 |       0 |     213 |   0.0 |       0 |       8 |   0.0 |   668
           D:5 |       0 |      48 |   0.0 |       0 |       1 |   0.0 |    31
           D:6 |       0 |     627 |   0.0 |       0 |      23 |   0.0 |  1014
           D:7 |       0 |     298 |   0.0 |       0 |      14 |   0.0 |   464
           D:8 |       0 |     138 |   0.0 |       0 |       2 |   0.0 |   407
           D:9 |       0 |      47 |   0.0 |       0 |       5 |   0.0 |   343
               +---------+---------+-------+---------+---------+-------+---------
